 Dungeon Crawl Stone Soup version 0.30-a0-121-gb27577e5d9 (webtiles) character file.

Game seed: 15240578094996521529

31603 IdlyInterested the Basher (level 13, -3/103 HPs)
             Began as a Demonspawn Gladiator on Sept 14, 2022.
             Was a High Priest of Okawaru.
             Slain by a dire elephant (6 damage)
             ... in the Arena.
             The game lasted 00:58:52 (18066 turns).

IdlyInterested the Basher (Demonspawn Gladiator)   Turns: 18066, Time: 00:58:53

Health: -3/103     AC: 30    Str: 18    XL:     13   Next: 26%
Magic:  15/21      EV:  7    Int: 15    God:    Okawaru [*****.]
Gold:   1944       SH:  0    Dex: 17    Spells: 12/12 levels left

rFire   + + .      SeeInvis .    q - +6 great mace "Beetlebane" {elec, Will+}
rCold   + . .      Faith    .    (shield currently unavailable)
rNeg    . . .      Spirit   .    m - +2 crystal plate armour
rPois   .          Reflect  .    c - +0 helmet
rElec   .          Harm     .    a - scarf {rC+ rF+}
rCorr   .          Rampage  .    (no gloves)
Will    +....                    o - +0 pair of boots
Stlth   ..........               g - amulet of magic regeneration
HPRegen 0.27/turn                K - +6 ring of intelligence
MPRegen 0.57/turn                z - ring of protection from fire

@: heroic, duelling
A: icy blue scales 1, foul stench 1, powered by death 2, demonic touch 1
a: Renounce Religion, Heroism, Finesse, Duel


You were in the Arena.
You worshipped Okawaru.
Okawaru was extremely pleased with you.
You visited 3 branches of the dungeon, and saw 16 of its levels.
You also visited: Sewer, Bailey and Volcano.

You collected 1944 gold pieces.

Inventory:

Hand Weapons
 j - a +5 dire flail of freezing
 q - the +6 great mace "Beetlebane" (weapon) {elec, Will+}
   (Okawaru gifted it to you on level 8 of the Dungeon)

   It occasionally discharges a powerful burst of electricity upon striking a
   foe.
   Will:      It increases your willpower.
 I - a +1 morningstar
Missiles
 b - 31 boomerangs
 d - 2 throwing nets
 e - a javelin
 n - 14 atropa-tipped darts
 r - a datura-tipped dart
 v - 5 curare-tipped darts
 w - 66 poisoned darts (quivered)
Armour
 a - a scarf of resistance (worn)
 c - a +0 helmet (worn)
 m - a +2 crystal plate armour (worn)
 o - a +0 pair of boots (worn)
 F - a +2 robe of positive energy
 N - a +2 leather armour of fire resistance
 Q - the +1 cloak of Oploq {rElec rF- Str+2 Int+3}
   (Okawaru gifted it to you on level 1 of the Lair of Beasts)

   Str:       It affects your strength (+2).
   Int:       It affects your intelligence (+3).
   rF:        It makes you vulnerable to fire.
   rElec:     It insulates you from electricity.
 S - a +1 leather armour of cold resistance
Jewellery
 g - an amulet of magic regeneration (around neck)
 z - a ring of protection from fire (right hand)
 B - a ring of resist corrosion
 K - a +6 ring of intelligence (left hand)
Wands
 f - a wand of flame (26)
 y - a wand of light (22)
 A - a wand of mindburst (11)
 E - a wand of roots (6)
Scrolls
 h - 7 scrolls of teleportation
 l - a scroll of identify
 p - 6 scrolls of enchant weapon
 L - 5 scrolls of vulnerability
 O - a scroll of blinking
 W - a scroll of brand weapon
 Y - a scroll of poison
Potions
 i - 6 potions of curing
 k - 3 potions of heal wounds
 t - a potion of attraction
 u - 2 potions of invisibility
 C - 2 potions of haste
 G - 2 potions of flight
 M - a potion of cancellation
 T - a potion of berserk rage
 U - 2 potions of ambrosia
 V - a potion of might
Miscellaneous
 P - a lightning rod (4/4)
 X - a piece from Xom's chessboard (15/15)


   Skills:
 - Level 10.0(15.0) Fighting
 * Level 14.0(19.0) Maces & Flails
 - Level 2.0(7.0) Throwing
 * Level 10.0(15.0) Armour
 - Level 4.0(9.0) Dodging
 - Level 1.0(6.0) Stealth
 + Level 11.3 Invocations
 - Level 2.0 Evocations


You had 12 spell levels left.
You didn't know any spells.
Your spell library contained the following spells:

 Spells                   Type           Power      Damage    Failure   Level
 Magic Dart               Conj           0%         1d3       100%        1
 Ensorcelled Hibernation  Hex/Ice        0%         N/A       100%        2
 Sublimation of Blood     Necr           0%         N/A       100%        2
 Wereblood                Tmut           0%         N/A       100%        2
 Gell's Gravitas          Tloc           0%         N/A       100%        3
 Ignite Poison            Fire/Tmut/Pois 0%         N/A       100%        3
 Mephitic Cloud           Conj/Pois/Air  0%         N/A       100%        3
 Ozocubu's Armour         Ice            0%         N/A       100%        3
 Spider Form              Tmut/Pois      0%         N/A       100%        3
 Teleport Other           Tloc           0%         N/A       100%        3
 Anguish                  Hex/Necr       0%         N/A       100%        4
 Blade Hands              Tmut           0%         N/A       100%        5
 Freezing Cloud           Conj/Ice/Air   0%         6-21      100%        5
 Metabolic Englaciation   Hex/Ice        0%         N/A       100%        5
 Conjure Ball Lightning   Conj/Air       0%         3x3d6     100%        6
 Dispersal                Tloc           0%         N/A       100%        6
 Iron Shot                Conj/Erth      0%         9d1       100%        6
 Discord                  Hex            0%         N/A       100%        8
 Disjunction              Tloc           0%         N/A       100%        8
 Polar Vortex             Ice            0%         N/A       100%        9
 Call Imp                 Summ           Unusable   N/A       N/A         2
 Animate Armour           Summ/Erth      Unusable   N/A       N/A         4
 Simulacrum               Ice/Necr       Unusable   N/A       N/A         6
 Summon Hydra             Summ           Unusable   N/A       N/A         7

Dungeon Overview and Level Annotations

Branches:
Dungeon (11/15)            Temple (1/1) D:4            Lair (4/5) D:11
  Swamp (0/4) Lair:3        Snake (0/4) Lair:3          Orc (0/2) D:9
  Sewer (visited)          Bailey (visited)         Volcano (visited)
  Slime: Lair:4-5

Altars:
Ashenzari
Cheibriados
Dithmenos
Fedhas
Gozag
Hepliaklqana
Kikubaaqudgha
Makhleb
Nemelex Xobeh
Okawaru
Qazlal
Ru
Sif Muna
Trog
Uskayaw
Vehumet
Wu Jian
Xom
Yredelemnul


Innate Abilities, Weirdness & Mutations

You are partially covered in icy blue scales. (AC +2)
You may rarely emit foul miasma when damaged in melee.
You regenerate health from kills.
Your touch may inflict minor irresistible damage on your foes.


Message History

Your unstable footing causes you to fumble your attack.
The lindwurm is engulfed in a cloud of scalding steam.
Aiming: Duel (9% risk of failure)
Press: ? - help, Dir - move target, f - dire elephant
Aim: a dire elephant You enter into single combat with the dire elephant!
The world spins around you as you enter the gateway.
You enter Okawaru's Arena!
The spectator shouts! x11
The dire elephant tramples you!
You stumble backwards!
Found a gate leading back out of this place.
You gain the combat prowess of a mighty hero.
The dire elephant tramples you!
You stumble backwards!
You bludgeon the dire elephant!!
The dire elephant is lightly wounded.
The dire elephant tramples you!!
* * * LOW HITPOINT WARNING * * *
You hold your ground!
The dire elephant barely misses you.
You completely miss the dire elephant.
The dire elephant is lightly wounded.
You hit the dire elephant but do no damage.
The dire elephant is lightly wounded.
The dire elephant tramples you!!
* * * LOW HITPOINT WARNING * * *
You hold your ground!
The dire elephant trunk-slaps you but does no damage.
Aiming: Bolt of Light
Press: ? - help, Shift-Dir - straight line, f - dire elephant
Aim: a dire elephant (lightly wounded, 100% to hit)
The bolt of light hits the dire elephant.
The dire elephant is lightly wounded.
The dire elephant is blinded.
The dire elephant tramples you.
* * * LOW HITPOINT WARNING * * *
You hold your ground!
The dire elephant closely misses you.
You strike the helpless dire elephant from behind!
You hit the dire elephant.
The dire elephant is moderately wounded.
The dire elephant tramples you.
You die...
Okawaru crowns the dire elephant victorious!

###########
#...pppp..#
#.▓▓▓▓▓▓▓.#
#.▓.....▓.#
#.▓.....▓p#
#p▓..∩..▓p#
#p▓...Y.▓p#
#p▓....@▓p#
#.▓▓▓▓▓▓▓.#
#.pp▓∩▓pp.#
###########


You could see a dire elephant (blind).

Vanquished Creatures
  An orc warlord (Bailey)
  Snorg (D:11)
  3 hydras
  Erica (Lair:2)
  2 boulder beetles
  A two-headed ogre (D:10)
  3 death yaks (Lair:1)
  The ghost of dang3rdave the Markself, a novice DEHu of the Shining One (D:8)
  A cyclops (D:11)
  An ugly thing (D:11)
  A manticore (D:8)
  A black mamba (Lair:1)
  Joseph (D:8)
  8 elephants (Lair:4)
  3 toenail golems (Volcano)
  A gargoyle (D:11)
  5 cane toads
  2 molten gargoyles (Volcano)
  2 rime drakes
  An unseen horror (D:11)
  2 efreet (Volcano)
  6 komodo dragons
  3 trolls
  2 shadows
  Sigmund (D:2)
  A wraith (D:9)
  21 yaks
  4 wyverns
  4 fire elementals (Volcano)
  A steam dragon (D:8)
  Menkaure (D:6)
  4 nagas (Lair:3)
  2 acid dragons
  7 water moccasins
  2 two-headed ogre zombies (D:9)
  Duvessa (D:6)
  7 orc warriors
  3 sky beasts
  5 black bears
  An ogre (D:7)
  4 wolves (Lair:2)
  A centaur (D:10)
  2 phantoms
  10 kobold brigands
  Blork the orc (D:6)
  9 bullfrogs
  2 necrophages (D:6)
  An earth elemental (Volcano)
  7 scorpions
  9 wights
  Dowan (D:6)
  A troll zombie (D:9)
  7 howler monkeys
  An electric eel (Lair:2)
  3 hounds
  4 jellies (D:6)
  3 orc priests
  7 iguanas
  Terence (D:2)
  12 orc wizards
  5 ogre zombies (D:9)
  A gnoll (Bailey)
  8 adders
  2 river rats (Sewer)
  A white imp (D:6)
  2 ufetubi
  4 worms
  2 dart slugs
  35 orcs
  7 bats
  11 endoplasms
  4 giant cockroaches
  14 goblins
  15 hobgoblins
  3 quokkas
  12 ball pythons
  2 frilled lizards (D:2)
  A goblin skeleton (D:9)
  2 hobgoblin skeletons (D:9)
  5 hobgoblin zombies (D:9)
  37 kobolds
  An orc skeleton (D:9)
  16 orc zombies (D:9)
  11 rats
  A fire vortex (Volcano)
406 creatures vanquished.

Vanquished Creatures (others)
  A wizard (D:3)
  A fire vortex (Volcano)
  3 fungi
  23 plants
  7 toadstools (Lair:3)
35 creatures vanquished.

Grand Total: 441 creatures vanquished

Notes
Turn   | Place    | Note
-------+----------+-------------------------------------------
     0 | D:1      | IdlyInterested the Demonspawn Gladiator began the quest for
                  | the Orb.
     0 | D:1      | Reached XP level 1. HP: 16/16 MP: 1/1
   501 | D:1      | Gained mutation: You regenerate a little health from kills.
                  | [demonic ancestry]
   501 | D:1      | Reached XP level 2. HP: 19/22 MP: 2/2
   703 | D:1      | Reached skill level 3 in Maces & Flails
   836 | D:1      | Reached skill level 1 in Armour
  1455 | D:2      | Gained mutation: You may rarely emit foul miasma when
                  | damaged in melee. [demonic ancestry]
  1455 | D:2      | Reached XP level 3. HP: 27/27 MP: 3/3
  1533 | D:2      | Noticed Sigmund
  1541 | D:2      | Killed Sigmund
  1542 | D:2      | Reached skill level 4 in Maces & Flails
  1542 | D:2      | Reached XP level 4. HP: 11/33 MP: 4/4
  1542 | D:2      | Reached XP level 5. HP: 13/38 MP: 5/5
  1850 | D:2      | Found a faded altar of an unknown god.
  1971 | D:2      | Noticed Terence
  1984 | D:2      | Killed Terence
  2949 | D:3      | Found an iron altar of Okawaru.
  2957 | D:3      | Became a worshipper of Warmaster Okawaru
  3183 | D:3      | You fall into a shaft and drop 3 floors!
  3188 | D:5      | Entered Level 5 of the Dungeon
  3266 | D:4      | Found a glowing drain.
  3270 | Sewer    | Entered a sewer
  3305 | Sewer    | Reached XP level 6. HP: 34/46 MP: 6/6
  3525 | Sewer    | Reached skill level 1 in Evocations
  3561 | Sewer    | Reached * piety under Okawaru
  3694 | Sewer    | Reached skill level 5 in Maces & Flails
  3766 | Sewer    | Reached skill level 1 in Invocations
  3940 | Sewer    | Reached skill level 1 in Stealth
  3940 | Sewer    | Reached XP level 7. HP: 35/54 MP: 7/7
  4668 | D:3      | Found a bloodstained altar of Trog.
  4669 | D:3      | Noticed a wizard
  4674 | D:3      | Killed a wizard
  4692 | D:3      | Found a stormy altar of Qazlal.
  4977 | D:4      | Found a staircase to the Ecumenical Temple.
  4995 | Temple   | Entered the Ecumenical Temple
  5554 | D:4      | Found a snail-covered altar of Cheibriados.
  5554 | D:4      | Found an ancient bone altar of Kikubaaqudgha.
  5816 | D:5      | Reached ** piety under Okawaru
  5935 | D:5      | Reached skill level 6 in Maces & Flails
  6032 | D:5      | Found a broken altar of Ashenzari.
  6032 | D:5      | Found a burning altar of Makhleb.
  6032 | D:5      | Found a shimmering blue altar of Sif Muna.
  6032 | D:5      | Found a hazy altar of Hepliaklqana.
  6490 | D:6      | Gained mutation: You regenerate health from kills. [demonic
                  | ancestry]
  6490 | D:6      | Reached XP level 8. HP: 43/60 MP: 10/10
  6940 | D:6      | Noticed Duvessa
  6940 | D:6      | Noticed Dowan
  6955 | D:6      | Killed Duvessa
  6956 | D:6      | Reached skill level 7 in Maces & Flails
  6956 | D:6      | Reached skill level 5 in Armour
  6960 | D:6      | Killed Dowan
  7414 | D:6      | Noticed Blork the orc
  7424 | D:6      | Killed Blork the orc
  7621 | D:6      | Noticed Menkaure
  7630 | D:6      | Killed Menkaure
  7631 | D:6      | Reached skill level 5 in Fighting
  7806 | D:6      | Reached *** piety under Okawaru
  7807 | D:6      | Gained mutation: You are partially covered in icy blue
                  | scales. (AC +2) [demonic ancestry]
  7807 | D:6      | Reached XP level 9. HP: 55/68 MP: 12/12
  7859 | D:6      | Reached skill level 8 in Maces & Flails
  8555 | D:7      | Found a shadowy altar of Dithmenos.
  8948 | D:7      | Reached **** piety under Okawaru
  8971 | D:7      | Found an opulent altar of Gozag.
  9327 | D:7      | Found a sparkling altar of Nemelex Xobeh.
  9594 | D:8      | Noticed Joseph
  9669 | D:8      | Reached skill level 9 in Maces & Flails
  9679 | D:8      | Reached skill level 5 in Invocations
  9688 | D:8      | Gained mutation: Your touch may inflict minor irresistible
                  | damage on your foes. [demonic ancestry]
  9688 | D:8      | Reached XP level 10. HP: 58/76 MP: 13/13
  9698 | D:8      | Reached ***** piety under Okawaru
  9815 | D:8      | Noticed a manticore
  9820 | D:8      | Noticed dang3rdave's ghost (novice DEHu)
  9821 | D:8      | Found a transporter.
  9835 | D:8      | Found a transporter.
  9992 | D:8      | Found a basalt altar of Yredelemnul.
 10213 | D:8      | Killed dang3rdave's ghost
 10229 | D:8      | Killed a manticore
 10229 | D:8      | Identified the +6 great mace "Beetlebane" {elec, Will+}
                  | (Okawaru gifted it to you on level 8 of the Dungeon)
 10229 | D:8      | Received a gift from Okawaru
 10230 | D:8      | Reached skill level 10 in Maces & Flails
 10368 | D:8      | Killed Joseph
 10658 | D:9      | Found a staircase to the Orcish Mines.
 11008 | D:9      | Found a sacrificial altar of Ru.
 11554 | D:10     | Entered Level 10 of the Dungeon
 11589 | D:10     | Noticed a two-headed ogre
 11598 | D:10     | Killed a two-headed ogre
 11599 | D:10     | Reached XP level 11. HP: 36/85 MP: 16/16
 11758 | D:10     | Found a flagged portal.
 11786 | Bailey   | Entered a bailey
 11807 | Bailey   | Noticed an orc warlord
 11920 | Bailey   | Found a runed translucent gate.
 11922 | Bailey   | Found a runed translucent gate.
 11924 | Bailey   | Found a runed translucent gate.
 12003 | Bailey   | Killed an orc warlord
 12004 | Bailey   | Reached skill level 11 in Maces & Flails
 12139 | Bailey   | Acquired 956 gold pieces
 12375 | D:10     | Found a hide-covered altar of Uskayaw.
 12398 | D:10     | Received a gift from Okawaru
 13368 | D:11     | Noticed a boulder beetle
 13370 | D:11     | Noticed Snorg
 13380 | D:11     | Killed Snorg
 13397 | D:11     | Killed a boulder beetle
 13444 | D:11     | Noticed a white ugly thing
 13452 | D:11     | Killed a white ugly thing
 13977 | D:11     | Found a staircase to the Lair.
 14271 | Lair:1   | Entered Level 1 of the Lair of Beasts
 14275 | Lair:1   | Found a dark tunnel.
 14288 | Volcano  | Entered a volcano
 14312 | Volcano  | Received a gift from Okawaru
 14329 | Volcano  | Reached skill level 12 in Maces & Flails
 14409 | Volcano  | Noticed a lindwurm
 14409 | Volcano  | Noticed a lindwurm
 14553 | Volcano  | Reached XP level 12. HP: 86/92 MP: 19/19
 15003 | Lair:1   | Reached skill level 10 in Invocations
 15170 | Lair:1   | Noticed a death yak
 15170 | Lair:1   | Noticed a death yak
 15171 | Lair:1   | Noticed a death yak
 15177 | Lair:1   | Killed a death yak
 15185 | Lair:1   | Killed a death yak
 15185 | Lair:1   | Identified the +1 cloak of Oploq {rElec rF- Str+2 Int+3}
                  | (Okawaru gifted it to you on level 1 of the Lair of Beasts)
 15185 | Lair:1   | Received a gift from Okawaru
 15192 | Lair:1   | Killed a death yak
 15734 | Lair:2   | Noticed Erica
 15748 | Lair:2   | Killed Erica
 15749 | Lair:2   | Reached skill level 13 in Maces & Flails
 15992 | Lair:2   | Reached ****** piety under Okawaru
 16069 | Lair:2   | You fall into a shaft and drop 2 floors!
 16074 | Lair:4   | Noticed a six-headed hydra
 16089 | Lair:4   | Reached skill level 10 in Fighting
 16089 | Arena    | Entered the Arena
 16092 | Arena    | Killed a six-headed hydra
 16221 | Lair:3   | Found a staircase to the Snake Pit.
 16239 | Lair:3   | Reached XP level 13. HP: 40/103 MP: 21/21
 16466 | Lair:2   | Received a gift from Okawaru
 17185 | Lair:3   | Found a staircase to the Swamp.
 17439 | Lair:3   | HP: 4/103 [four-headed hydra (5)]
 17439 | Lair:3   | HP: 1/103 [four-headed hydra (2)]
 17442 | Lair:3   | Reached skill level 14 in Maces & Flails
 17454 | Lair:3   | Received a gift from Okawaru
 17455 | Lair:3   | Reached skill level 10 in Armour
 17703 | Lair:3   | Noticed a dire elephant
 17724 | Lair:3   | Found a runed translucent door.
 18060 | Arena    | Entered the Arena
 18064 | Arena    | HP: 5/103 [dire elephant (25)]
 18066 | Arena    | Slain by a dire elephant

Illustrated notes

Levels and vault maps discovered:
D:1:      kilobyte_arrival_exit_the_forest, layout_basic
D:2:      layout_basic, ebering_ecumenical_altar_abandoned, minmay_pentomino_r2,
          uniq_terence, uniq_sigmund
D:3:      minmay_inner_zag, layout_basic, trog_wizard, lemuel_tele_altar,
          mainiacjoe_overflow_brackets
D:4:      layout_loops_cross, minitemple, minmay_temple_entry_ruins,
          gup_sewer_entry_bowl
D:5:      layout_basic, grunt_temple_overflow_cloverleaf
D:6:      minmay_chambers_of_threes, layout_cave_pods, uniq_duvessa,
          uniq_blork_the_orc, uniq_menkaure
D:7:      layout_loops_ring, grunt_gozag_statues, nemelex_dance_club_becter,
          mainiacjoe_overflow_surrounded_room, nicolae_dithmenos_the_darkroom,
          hangedman_glass_teeth
D:8:      layout_rooms, mainiacjoe_overflow_small_starburst,
          gammafunk_ghost_arena, roderic_three_in_a_row, uniq_joseph
D:9:      layout_loops_ring, mainiacjoe_overflow_paths, zombieorc2_lemuel
D:10:     layout_loops_corners, nicolae_uskayaw_murder_on_the_dancefloor,
          enter_bailey_5, minmay_holes
D:11:     layout_rooms, lair_entry_dummy, uniq_snorg
Temple:   nicolae_temple_superstar
Lair:1:   layout_loops_ring, enter_volcano_1, grunt_megastairs_5
Lair:2:   layout_regular_city, serial_bayou_pond_b, beast_lair_carwin_5,
          lemuel_fruit_tree, uniq_erica
Lair:3:   gammafunk_lair_enchanted_lake, layout_gridlike,
          minmay_swamp_entry_reptiles, minmay_snake_entry_guardpost_small
Lair:4:   layout_gridlike, serial_bayou_shore_b, infiniplex_staircase_pool_2,
          uniq_josephine
Arena

Skill      XL: |  1  2  3  4  5  6  7  8  9 10 11 12 13 |
---------------+----------------------------------------+-----
Maces & Flails | 3 4 5 6 7 9 10 12 13 14 | 14.0
Armour         | 1 3 4 5 6 7 8 9 10 | 10.0
Dodging        | 3 4 |  4.0
Throwing       | 2 |  2.0
Fighting       | 4 5 6 7 8 10 | 10.0
Evocations     | 1 2 |  2.0
Invocations    | 1 3 4 5 7 9 10 11 | 11.3
Stealth        | 1 |  1.0

Action                   |  1- 3 |  4- 6 |  7- 9 | 10-12 | 13-15 || total
-------------------------+-------+-------+-------+-------+-------++-------
Melee: Flail             |   118 |   190 |   241 |       |       ||   549
       Punch             |     1 |     1 |     2 |       |       ||     4
       Dire flail        |       |       |   193 |    70 |       ||   263
       Great mace        |       |       |       |   519 |   100 ||   619
Throw: Throwing net      |     1 |       |       |       |       ||     1
       Dart              |       |       |     4 |    10 |       ||    14
Invok: Heroism           |       |       |       |     7 |     2 ||     9
       Finesse           |       |       |       |     1 |       ||     1
       Duel              |       |       |       |     1 |     1 ||     2
Evoke: Wand              |       |       |     1 |     5 |     1 ||     7
  Use: Scroll            |       |     4 |    13 |    11 |     2 ||    30
       Potion            |       |       |     2 |     8 |     2 ||    12
 Stab: Held in net/web   |     1 |       |       |       |       ||     1
       Sleeping          |       |       |       |     2 |       ||     2
       Distracted        |       |       |       |       |     1 ||     1
       Invisible         |       |       |       |       |     1 ||     1
Armor: Scale mail        |    68 |    79 |   114 |       |       ||   261
       Leather armour    |     2 |       |       |       |       ||     2
       Chain mail        |       |       |    82 |       |       ||    82
       Plate armour      |       |       |    26 |   235 |       ||   261
       Acid dragon scale |       |       |       |    28 |       ||    28
       Troll leather arm |       |       |       |    97 |    52 ||   149
       Crystal plate arm |       |       |       |       |     6 ||     6
Dodge: Dodged            |    76 |    88 |   183 |   296 |    86 ||   729

Table legend: (Time is in decaauts)
 A = Elapsed time spent in this place.
 B = Non-inter-level travel time spent in this place.
 C = Inter-level travel time spent in this place.
 D = Time resting spent in this place.
 E = Time spent auto-exploring this place.
 F = Levels seen in this place.
 G = Mean time per level.
                   A        B        C        D        E       F      G
               +--------+--------+--------+--------+--------+-----+--------+
         Total |  18371 |  16740 |   1631 |   2135 |  10039 |  21 |  874.8 |
       Dungeon |  12876 |  11492 |   1384 |   1640 |   7068 |  11 | 1170.5 |
        Temple |    122 |    115 |      7 |      0 |    106 |   1 |  122.0 |
          Lair |   3429 |   3190 |    239 |     93 |   2240 |   4 |  857.2 |
         Sewer |   1163 |   1163 |      0 |    239 |    555 |   1 | 1163.0 |
        Bailey |    376 |    376 |      0 |      0 |     66 |   1 |  376.0 |
       Volcano |    388 |    388 |      0 |    163 |      3 |   1 |  388.0 |
         Arena |     15 |     15 |      0 |      0 |      0 |   2 |    7.5 |
               +--------+--------+--------+--------+--------+-----+--------+

Top non-repeatable levels by time:
     D:6: 1947 daAuts
    D:10: 1692 daAuts
     D:1: 1400 daAuts
     D:2: 1211 daAuts
     D:7: 1177 daAuts
  Lair:2: 1174 daAuts
  Lair:3: 1173 daAuts
     D:3: 1167 daAuts
   Sewer: 1163 daAuts
     D:9: 1032 daAuts
  Lair:1: 990 daAuts
     D:5: 955 daAuts
     D:8: 900 daAuts
     D:4: 891 daAuts
    D:11: 500 daAuts
